AoeStats
← Santi Povs

Arena

506738989Analyzed
4v4 RM · 17d ago on Sep 14, 2026· 60m 43s· 8 players
Game mode
Random Map
Map size
Large (8 player)
Population
200
Speed
Normal
Resources
Standard
Victory
Conquest
Starting age
Dark Age
Ending age
Imperial Age
RankedLock teamsTeams togetherTeam positionsShared explorationLock speedFull tech treeHidden civsTurbo modeCheats
Victory
Defeat
🇨🇴 Celts · Colombia
1020
+14
🇨🇴 Poles · Colombia
979
+15
🇲🇽 Vietnamese · Mexico
932
+17
🇨🇴 Persians · Colombia
931
+17
🇦🇷 Franks · Argentina
991
-17
🇦🇷 Persians · Argentina
957
-16
🇦🇷 Burgundians · Argentina
949
-15
🇦🇷 Bohemians · Argentina
947
-15
Moonblossom
0:31 Loom
10:30 Feudal Age
16:48 Castle Age
15:15 Double-Bit Axe
15:12 Horse Collar
16:18 Stone Mining
16:22 Gold Mining
18:13 Bow Saw
20:50 Wheelbarrow
20:26 Heavy Plow
28:15 Hand Cart
29:00 Town Watch
32:31 Imperial Age
30:24 Squires
30:29 Scale Mail Armor
30:42 Forging
30:56 Ballistics
31:54 Chain Mail Armor
32:16 Iron Casting
31:36 Elite Skirmisher
33:01 Elite Fire Lancer
34:07 Paper Money
34:38 Plate Mail Armor
35:15 Two-Man Saw
34:49 Crop Rotation
35:31 Chemistry
34:14 Imperial Skirmisher
36:01 Padded Archer Armor
35:54 Fletching
37:52 Leather Archer Armor
37:35 Bodkin Arrow
39:59 Ring Archer Armor
39:31 Bracer
42:45 Pikeman
44:30 Halberdier
50:03 Arson
50:22 Murder Holes
50:13 Treadmill Crane
50:38 Siege Engineers
53:48 Stone Shaft Mining
NickyCash
10:01 Feudal Age
8:17 Loom
14:48 Castle Age
13:09 Horse Collar
13:20 Double-Bit Axe
14:44 Gold Mining
14:47 Stone Mining
18:00 Gold Mining
29:18 Fletching
29:28 Padded Archer Armor
29:22 Crossbowman
31:15 Kamandaran
31:44 Thumb Ring
32:48 Bodkin Arrow
34:00 Leather Archer Armor
33:49 Heavy Plow
34:29 Kamandaran
36:47 Bow Saw
39:24 Ballistics
39:00 Murder Holes
40:05 Wheelbarrow
44:03 Imperial Age
41:20 Town Watch
44:11 Gold Shaft Mining
44:11 Stone Shaft Mining
43:53 Town Patrol
44:19 Hand Cart
44:54 Ring Archer Armor
45:15 Scale Mail Armor
45:26 Forging
46:13 Scale Barding Armor
47:10 Chemistry
47:59 Two-Man Saw
47:45 Chain Barding Armor
48:06 Iron Casting
47:42 Husbandry
47:51 Heavy Camel Rider
48:42 Bloodlines
49:26 Caravan
52:08 Plate Barding Armor
52:35 Blast Furnace
58:25 Capped Ram
59:55 Conscription
59:38 Siege Ram
Santi Povs
10:13 Feudal Age
14:05 Castle Age
14:48 Double-Bit Axe
14:58 Gold Mining
17:43 Horse Collar
21:16 Bow Saw
27:41 Imperial Age
24:58 Loom
24:59 Town Watch
26:09 Wheelbarrow
25:39 Scale Mail Armor
26:00 Forging
27:23 Hand Cart
27:49 Iron Casting
27:22 Heavy Plow
27:24 Gold Mining
28:00 Pikeman
29:18 Scale Barding Armor
30:14 Blast Furnace
30:35 Chemistry
29:52 Husbandry
30:35 Chain Mail Armor
30:15 Stone Mining
30:19 Halberdier
34:03 Plate Mail Armor
33:26 Cavalier
38:46 Gold Shaft Mining
40:07 Chain Barding Armor
40:02 Siege Engineers
41:47 Paladin
43:06 Arson
43:41 Heavy Scorpion
44:48 Onager
50:29 Siege Onager
GozaComoDuran
3:33 Loom
11:27 Feudal Age
16:02 Castle Age
14:29 Double-Bit Axe
14:48 Horse Collar
18:52 Wheelbarrow
20:25 Bow Saw
20:18 Heavy Plow
21:16 Hand Cart
22:10 Scale Barding Armor
24:11 Stone Mining
25:13 Bloodlines
24:24 Light Cavalry
25:10 Husbandry
25:31 Forging
25:22 Gold Mining
27:22 Stone Shaft Mining
27:43 Iron Casting
27:29 Chain Barding Armor
28:27 Scale Mail Armor
29:51 Caravan
30:06 Squires
34:04 Imperial Age
31:53 Arson
32:26 Chain Mail Armor
34:47 Szlachta Privileges
35:34 Plate Mail Armor
36:05 Blast Furnace
34:30 Elite Obuch
35:32 Conscription
35:02 Winged Hussar
38:52 Chemistry
38:13 Ballistics
37:34 Treadmill Crane
39:25 Crop Rotation
39:05 Onager
41:45 Pikeman
56:18 Lechitic Legacy
Sergio A. Gamarra
11:10 Feudal Age
16:22 Castle Age
14:58 Double-Bit Axe
14:58 Horse Collar
15:12 Stone Mining
17:15 Bow Saw
18:00 Heavy Plow
23:27 Gold Mining
25:56 Kamandaran
27:02 Crossbowman
28:24 Thumb Ring
28:13 Fletching
28:23 Padded Archer Armor
32:16 Wheelbarrow
31:56 Bodkin Arrow
32:17 Leather Archer Armor
33:26 Hand Cart
33:33 Loom
35:06 Ballistics
38:05 Imperial Age
37:44 Town Watch
38:47 Conscription
39:00 Ring Archer Armor
38:31 Elite War Elephant
39:19 Scale Barding Armor
39:25 Forging
39:38 Masonry
39:25 Murder Holes
39:43 Elite War Elephant
44:13 Two-Man Saw
EsteNoEsPaisa
11:10 Feudal Age
9:49 Horse Collar
9:56 Double-Bit Axe
12:03 Bow Saw
11:55 Heavy Plow
12:40 Wheelbarrow
18:13 Castle Age
21:02 Cavalier
21:44 Husbandry
22:09 Scale Barding Armor
22:17 Forging
22:19 Pikeman
24:21 Gold Mining
24:21 Stone Mining
24:58 Squires
27:56 Gold Shaft Mining
28:23 Hand Cart
29:16 Chain Barding Armor
29:32 Iron Casting
31:48 Two-Man Saw
31:39 Crop Rotation
35:28 Imperial Age
34:02 Fortified Wall
33:46 Stone Mining
36:02 Paladin
37:25 Plate Barding Armor
36:50 Scale Mail Armor
37:51 Blast Furnace
38:35 Fletching
38:46 Padded Archer Armor
41:17 Chemistry
40:39 Ballistics
50:37 Light Cavalry
52:32 Hussar
Vagorr_
11:27 Feudal Age
12:39 Loom
16:28 Castle Age
14:26 Horse Collar
14:46 Double-Bit Axe
23:56 Imperial Age
22:31 Chemistry
22:41 Wheelbarrow
25:32 Scale Mail Armor
26:35 Pikeman
29:59 Heavy Plow
34:27 Hand Cart
34:10 Halberdier
37:00 Bow Saw
40:35 Elite Hussite Wagon
43:04 Two-Man Saw
48:48 Houfnice
ElAguuz
11:37 Feudal Age
15:54 Castle Age
14:15 Double-Bit Axe
14:30 Gold Mining
15:30 Loom
17:37 Bow Saw
18:24 Gold Shaft Mining
23:12 Forging
26:01 Scale Barding Armor
26:51 Iron Casting
29:18 Chain Barding Armor
31:16 Husbandry
34:45 Wheelbarrow
33:56 Town Watch
37:30 Imperial Age
37:37 Cavalier
38:55 Plate Barding Armor
38:54 Padded Archer Armor
39:02 Devotion
39:56 Ballistics
39:32 Murder Holes
39:44 Siege Engineers
39:08 Paladin
48:28 Blast Furnace
Connection lost

Rejoining the realm…

Still unreachable

The connection could not be restored.

Session expired

The server has moved on; the page needs a fresh start.